 Dungeon Crawl Stone Soup version 0.21.1-1-g345015f (webtiles) character file.

189 Amaterasu the Insei (level 5, -6/40 HPs)
             Began as a Vine Stalker Monk on Feb 7, 2018.
             Was a Believer of Trog.
             Mangled by Sigmund
             ... wielding a +2 scythe of slicing
              (16 damage)
             ... on level 3 of the Dungeon.
             The game lasted 00:03:57 (1675 turns).

Amaterasu the Insei (Vine Stalker Monk)             Turns: 1675, Time: 00:03:58

Health: -6/40      AC:  7    Str: 19    XL:     5   Next: 68%
Magic:  0/6        EV: 13    Int: 10    God:    Trog [**....]
Gold:   70         SH:  0    Dex: 17    Spells: 4/4 levels left

rFire    . . .     SeeInvis +     - Unarmed
rCold    . . .     Gourm    .   (no shield)
rNeg     . . .     Faith    .   a - +1 robe
rPois    .         Spirit   +   (no helmet)
rElec    .         Reflect  .   (no cloak)
rCorr    .         Harm     +   (no gloves)
MR       .....                  (no boots)
Stlth    ..........             l - amulet of harm
HPRegen  0.53/turn              g - +4 ring of protection
MPRegen  0.10/turn              c - ring of see invisible

@: berserking, very quick
A: fangs 2, regeneration 1, magic shield, antimagic bite, no potion heal 3, rot
immunity
a: Berserk, Trog's Hand, Burn Spellbooks, Renounce Religion


You were on level 3 of the Dungeon.
You worshipped Trog.
Trog was pleased with you.
You were not hungry.

You visited 1 branch of the dungeon, and saw 3 of its levels.

You collected 70 gold pieces.

Inventory:

Armour
 a - a +1 robe (worn)
Jewellery
 c - a ring of see invisible (right hand)
 g - a +4 ring of protection (left hand)
 k - a +3 amulet of reflection {unknown}
 l - an amulet of harm (around neck)
Scrolls
 n - a scroll of identify
Potions
 d - 4 potions of curing
 e - a potion of haste
 f - a potion of berserk rage
 h - 2 potions of lignification
 j - a potion of brilliance {unknown}
 m - a potion of flight {unknown}
Comestibles
 b - 5 rations


   Skills:
 - Level 2.6 Fighting
 - Level 2.4 Dodging
 - Level 2.4 Stealth
 + Level 6.2 Unarmed Combat


You had 4 spell levels left.
You didn't know any spells.

Dungeon Overview and Level Annotations

Branches:
Dungeon (3/15)

Altars:
Trog

Annotations:
D:1 Terence
D:3 Sigmund


Innate Abilities, Weirdness & Mutations

You have extremely sharp teeth.
Your natural rate of healing is unusually fast.
When hurt, damage is shared between your health and your magic reserves.
Your bite disrupts and absorbs the magic of your enemies.
Potions cannot restore your health.
You are immune to rotting.


Message History

You see here 15 sling bullets.
All of the chunks of flesh in your inventory have rotted away.
Sigmund the Dreaded comes into view.
He is wielding a scythe of slicing.
The helpless Sigmund fails to defend himself.
You punch Sigmund! Your bite misses Sigmund.
Sigmund is moderately wounded.
Sigmund hits you with a scythe of slicing!
You hit Sigmund. You punch Sigmund, but do no damage.
Sigmund is heavily wounded.
Sigmund casts a spell at you. The puff of flame hits you!
* * * LOW HITPOINT WARNING * * *
You are too injured to fight recklessly!
You are too injured to fight recklessly!
Okay, then.
A red film seems to cover your vision as you go berserk!
You feel yourself moving faster!
You feel mighty!
You feel quite a bit more hungry.
Sigmund hits you with a scythe of slicing!
You die...

######.# #......#
#.###..# #.###..#
#####....... .
#......##... ...
#.####.#....
.....########.....(.....
#..@@.......###.#....
###########.# #.#....
....#.##.#. .#.#.#.##.#.
..#.#.#.####. .. #.# #.#
#. ... #.# #.# #. ###
#.# #. #.


You could see Sigmund.

Vanquished Creatures
  An orc wizard (D:3)
  An orc priest (D:3)
  A worker ant (D:3)
  A gnoll (D:1)
  2 adders (D:2)
  3 worms
  2 orcs (D:3)
  5 giant cockroaches
  9 goblins
  6 hobgoblins
  4 jackals (D:3)
  11 kobolds
  3 ball pythons
  8 bats
  2 frilled lizards
  7 rats
66 creatures vanquished.

Notes
Turn   | Place    | Note
-------+----------+-------------------------------------------
     0 | D:1      | Amaterasu the Vine Stalker Monk began the quest for the Orb.
     0 | D:1      | Reached XP level 1. HP: 11/11 MP: 2/2
   303 | D:1      | Reached XP level 2. HP: 10/16 MP: 1/3
   444 | D:1      | Reached skill level 4 in Unarmed Combat
   462 | D:1      | Reached XP level 3. HP: 19/19 MP: 4/4
   879 | D:2      | Noticed Terence
  1007 | D:2      | Gained mutation: Your natural rate of healing is unusually fast. [Vine Stalker growth]
  1007 | D:2      | Reached XP level 4. HP: 15/23 MP: 5/5
  1162 | D:2      | Reached skill level 5 in Unarmed Combat
  1182 | D:2      | Found a bloodstained altar of Trog.
  1208 | D:2      | Became a worshipper of Trog the Wrathful
  1208 | D:2      | Reached * piety under Trog
  1208 | D:2      | Reached ** piety under Trog
  1441 | D:3      | Reached XP level 5. HP: 24/27 MP: 6/6
  1448 | D:3      | Reached skill level 6 in Unarmed Combat
  1666 | D:3      | Noticed Sigmund
  1675 | D:3      | Mangled by Sigmund

Skill      XL: |  1  2  3  4  5 |
---------------+----------------+-----
Unarmed Combat | 4 5 6 |  6.2
Fighting       | |  2.6
Dodging        | |  2.4
Stealth        | |  2.4

Action                   |  1- 3 |  4- 6 || total
-------------------------+-------+-------++-------
Melee: Unarmed           |    91 |    73 ||   164
       Bite              |    21 |    23 ||    44
       Punch             |     2 |     2 ||     4
Invok: Trog's Hand       |       |     1 ||     1
       Berserk           |       |     2 ||     2
  Use: Scroll            |     3 |     6 ||     9
 Stab: Sleeping          |     7 |     2 ||     9
  Eat: Chunk             |       |     1 ||     1
       Ration            |       |     1 ||     1
Armor: Robe              |    23 |    27 ||    50
Dodge: Dodged            |    60 |    65 ||   125
